Map: Ulrena

Players

capac - Winner!

  • Race: Terran Terran
  • League: Gold

A.I. 1 (Elite)

  • Race: Protoss Protoss

VOD

Have the link to the VOD?

Description

Time

  • Played on: April 1, 2016, 11:43 a.m.
  • Length: 8:11
Show
View Real Time Build Order
Export as new Build Order

capac Terran - Winner!

Build Orders: MMM Bio 

Get SALT Encoding   

  12  0:01  SCV  
  13  0:13  SCV  
  14  0:18  Supply Depot  
  14  0:25  SCV  
  15  0:40  SCV  
  15  0:41  Barracks  
  16  0:49  Refinery  
  16  0:52  SCV  
  17  1:04  SCV  
  18  1:16  SCV  
  19  1:28  SCV  
  20  1:34  Command Center  
  20  1:35  Reaper  
  21  1:40  SCV  
  22  1:49  Supply Depot  
  22  1:52  SCV  
  23  2:06  Orbital Command  
  23  2:19  Barracks Reactor  
  23  2:28  Factory  
  23  2:33  Refinery  
  23  2:34  Barracks  
  23  2:35  SCV  
  24  2:55  Orbital Command  
  24  2:59  SCV  
  25  3:10  Marine x2  
  25  3:11  SCV  
  28  3:14  Starport  
  28  3:15  Factory Tech Lab  
  28  3:23  SCV  
  28  3:24  Barracks Tech Lab  
  29  3:28  Barracks  
  29  3:29  Marine x2  
  29  3:30  SCV  
  32  3:35  SCV  
  32  3:37  Siege Tank  
  36  3:49  Marine x3  
  36  3:52  SCV x2  
  41  3:57  Medivac  
  41  3:59  Engineering Bay  
  41  4:01  Supply Depot  
  44  4:10  SCV x2  
  44  4:11  Marine  
  46  4:23  Supply Depot, Marine x2, Barracks Reactor  
  48  4:34  Marine  
  48  4:36  Stimpack  
  49  4:42  SCV x2  
  49  4:43  Refinery  
  49  4:44  Refinery, Marine  
  49  4:45  Marine  
  53  4:48  Siege Tank  
  56  4:56  SCV x2  
  56  4:58  Supply Depot  
  58  5:00  Starport Reactor  
  58  5:02  Marine x3  
  58  5:03  Marine  
  62  5:20  Supply Depot, Marine, SCV x2  
  65  5:23  Siege Tank  
  65  5:24  Barracks  
  68  5:32  SCV x2  
  70  5:36  Barracks  
  70  5:42  Marauder, Marine x4  
  76  5:45  Supply Depot  
  76  5:51  SCV  
  76  5:52  SCV  
  78  6:06  Marauder, Siege Tank  
  78  6:07  SCV x2  
  85  6:13  Supply Depot  
  85  6:17  Medivac x2  
  89  6:23  Barracks Reactor  
  89  6:24  Barracks Reactor  
  89  6:25  Barracks Tech Lab  
  89  6:30  Marauder, Marine  
  89  6:31  Supply Depot  
  92  6:33  SCV  
  92  6:34  SCV  
  92  6:35  Liberator x2  
  92  6:38  Widow Mine  
  96  6:40  Supply Depot  
  96  6:45  Combat Shields  
  96  6:47  Concussive Shells  
  102  7:15  Siege Tank  
  91  7:51  Marine x5  
  100  7:52  Marine  
Show
View Real Time Build Order
Export as new Build Order

A.I. 1 (Elite) Protoss 

Build Orders:  

Get SALT Encoding   

  12  0:01  Probe (Chrono Boost)  
  13  0:11  Probe (Chrono Boost)  
  14  0:20  Pylon  
  14  0:22  Probe (Chrono Boost)  
  15  0:38  Probe (Chrono Boost)  
  16  0:47  Assimilator  
  16  0:49  Probe (Chrono Boost)  
  17  0:51  Gateway  
  17  0:59  Probe (Chrono Boost)  
  17  1:01  Pylon  
  18  1:10  Probe (Chrono Boost)  
  19  1:20  Probe (Chrono Boost)  
  20  1:31  Probe (Chrono Boost)  
  21  1:37  Zealot  
  23  1:42  Probe (Chrono Boost)  
  24  1:47  Nexus  
  24  1:54  Probe (Chrono Boost)  
  25  2:03  Cybernetics Core  
  25  2:13  Gateway  
  25  2:19  Pylon  
  25  2:22  Probe (Chrono Boost)  
  25  2:26  Zealot  
  27  2:33  Probe (Chrono Boost)  
  27  2:34  Warp Gate  
  28  2:42  Assimilator  
  29  2:44  Probe (Chrono Boost)  
  28  2:53  Adept  
  28  2:56  Probe (Chrono Boost)  
  28  2:58  Adept  
  31  2:59  Probe (Chrono Boost)  
  34  3:08  Probe (Chrono Boost)  
  35  3:14  Pylon  
  35  3:17  Stalker  
  35  3:23  Probe (Chrono Boost)  
  38  3:28  Stalker  
  38  3:33  Probe (Chrono Boost)  
  41  3:42  Probe (Chrono Boost), Gateway  
  41  3:47  Stalker  
  42  3:52  Probe (Chrono Boost)  
  45  3:57  Stalker  
  45  4:00  Probe (Chrono Boost)  
  49  4:03  Probe (Chrono Boost)  
  49  4:12  Probe (Chrono Boost)  
  49  4:15  Probe (Chrono Boost), Stalker  
  51  4:23  Probe (Chrono Boost)  
  54  4:25  Stalker  
  54  4:26  Probe (Chrono Boost)  
  57  4:34  Probe (Chrono Boost)  
  57  4:36  Stalker, Pylon  
  57  4:37  Probe (Chrono Boost)  
  61  4:43  Pylon  
  62  4:45  Probe (Chrono Boost)  
  62  4:53  Stalker  
  62  4:55  Probe (Chrono Boost)  
  62  4:57  Probe (Chrono Boost)  
  62  4:58  Stalker  
  68  5:02  Stalker  
  68  5:06  Probe (Chrono Boost)  
  71  5:07  Pylon  
  71  5:08  Probe (Chrono Boost)  
  72  5:16  Stalker  
  72  5:17  Pylon  
  72  5:18  Probe (Chrono Boost)  
  72  5:20  Probe (Chrono Boost)  
  76  5:23  Stalker  
  76  5:25  Stalker  
  81  5:29  Probe (Chrono Boost)  
  81  5:31  Probe (Chrono Boost)  
  81  5:35  Pylon  
  82  5:38  Stalker  
  82  5:40  Probe (Chrono Boost)  
  86  5:43  Probe (Chrono Boost)  
  86  5:45  Stalker  
  86  5:46  Twilight Council  
  86  5:48  Sentry  
  90  5:52  Probe (Chrono Boost)  
  91  5:58  Pylon  
  91  6:00  Sentry  
  91  6:01  Assimilator  
  93  6:04  Assimilator  
  93  6:06  Zealot  
  95  6:20  Pylon  
  95  6:27  Probe (Chrono Boost)  
  95  6:28  Templar Archives  
  95  6:31  Forge  
  96  6:36  Nexus, Forge  
  96  7:06  High Templar x2  
  100  7:09  Robotics Facility  
  100  7:11  Pylon  
  100  7:21  Zealot, Gateway  
  76  7:35  Photon Cannon, Zealot x2  
  58  7:40  High Templar  
  52  7:45  Probe (Chrono Boost)  
  52  7:49  Probe (Chrono Boost)  
  48  7:54  High Templar, Sentry  
  48  7:57  Probe (Chrono Boost)  
  30  8:00  Assimilator  
  30  8:02  Assimilator  
Tags
 
Composition
MMM Bio
League
Gold
Matchup
PvT
Add a new tag
Caveats
  • Supply blocks, unpowered buildings, or Contaminate may cause inaccurate times.
  • Supply counts are checked every 10 seconds.